 Dungeon Crawl Stone Soup version 0.32-a0-350-g4f4d228785 (webtiles) character file.

Game seed: 5776089690828076781

6849 jasper the Blocker (level 11, 0/89 HPs)
             Began as a Gnoll Fighter on Feb 17, 2024.
             Was a Priest of Fedhas.
             Killed by divine providence
             ... invoked by an orc priest
              (16 damage)
             ... on level 8 of the Dungeon.
             The game lasted 00:15:12 (9275 turns).

jasper the Blocker (Gnoll Fighter)                  Turns: 9275, Time: 00:15:13

Health: 0/89       AC: 19    Str: 26    XL:     11   Next: 6%
Magic:  20/20      EV:  9    Int:  8    God:    Fedhas [***...]
Gold:   450        SH:  7    Dex: 11    Spells: 14/22 levels left

rFire   . . .        a - +1 flail (freeze)
rCold   . . .        c - +1 buckler
rNeg    . . .        m - +0 plate armour
rPois   .            j - +0 helmet
rElec   .            K - +0 cloak
rCorr   .            i - +0 pair of gloves
SInv    .            G - +0 pair of boots
Will    .....        (no amulet) Stlth
                     D - +6 ring of strength
HPRegen 0.34/turn    (no ring)
MPRegen 0.17/turn

%: no passive effects
@: no status effects
A: fangs 1, strong nose, distributed training
a: Renounce Religion, Wall of Briars, Grow Ballistomycete


You were on level 8 of the Dungeon.
You worshipped Fedhas.
Fedhas was most pleased with you.
You visited 1 branch of the dungeon, and saw 8 of its levels.
You also visited: Ossuary.

You collected 450 gold pieces.

Inventory:

Hand Weapons
 a - a +1 flail of freezing (weapon)
 q - a +0 quarterstaff
 z - a +1 whip of flaming
 A - a +2 flail of holy wrath
 J - a +3 quarterstaff of chaos
Missiles
 d - 4 poisoned darts
 f - 2 atropa-tipped darts
 B - 9 boomerangs (quivered)
 H - 30 stones
Armour
 b - a +0 scale mail
 c - a +1 buckler (worn)
 i - a +0 pair of gloves (worn)
 j - a +0 helmet (worn)
 k - a +0 chain mail
 m - a +0 plate armour (worn)
 n - a +0 helmet
 G - a +0 pair of boots (worn)
 K - a +0 cloak (worn)
 L - a +0 ring mail
Jewellery
 D - a +6 ring of strength (left hand)
Talismans
 g - a granite talisman
Scrolls
 h - a scroll of revelation
 o - 2 scrolls of poison
 r - 2 scrolls of blinking
 w - a scroll of vulnerability
 x - 2 scrolls of noise
 C - 2 scrolls of enchant weapon
 I - a scroll of silence
Potions
 e - 3 potions of lignification
 l - a potion of cancellation
 s - 2 potions of degeneration
 t - 2 potions of ambrosia
 u - 2 potions of invisibility
 v - a potion of haste
 E - a potion of mutation
 F - a potion of attraction


   Skills:
 + Level 9.1 Fighting
 + Level 6.1 Short Blades
 + Level 6.1 Long Blades
 + Level 6.1 Axes
 + Level 7.7 Maces & Flails
 + Level 6.1 Polearms
 + Level 6.1 Staves
 + Level 6.1 Ranged Weapons
 + Level 6.1 Throwing
 + Level 9.1 Armour
 + Level 6.1 Dodging
 + Level 6.1 Stealth
 + Level 9.1 Shields
 + Level 6.1 Unarmed Combat
 + Level 6.1 Spellcasting
 + Level 5.0 Conjurations
 + Level 5.0 Hexes
 + Level 5.0 Summonings
 + Level 5.0 Necromancy
 + Level 5.0 Translocations
 + Level 5.0 Fire Magic
 + Level 5.0 Ice Magic
 + Level 5.0 Air Magic
 + Level 5.0 Earth Magic
 + Level 5.0 Alchemy
 + Level 6.7 Invocations
 + Level 6.1 Evocations
 + Level 5.5 Shapeshifting


You had 14 spell levels left.
You knew the following spells:

 Your Spells              Type           Power      Damage    Failure   Level
a - Tukima's Dance        Hex            10%        N/A       69%         3
b - Borgnjor's Vile Clut  Necr/Erth      5%         N/A       100%        5

Your spell library contained the following spells:

 Spells                   Type           Power      Damage    Failure   Level
 Call Imp                 Summ           20%        N/A       45%         2
 Sublimation of Blood     Necr           10%        N/A       45%         2
 Inner Flame              Hex/Fire       10%        N/A       69%         3
 Dimensional Bullseye     Hex/Tloc       5%         N/A       97%         4
 Iskenderun's Mystic Bla  Conj/Tloc      10%        2d4       97%         4
 Alistair's Intoxication  Alch           6%         N/A       100%        5
 Irradiate                Conj/Alch      5%         3d13      100%        5
 Eringya's Noxious Bog    Alch           5%         4d6       100%        6
 Summon Hydra             Summ           5%         N/A       100%        7
 Ignition                 Fire           5%         3d4       100%        8


Dungeon Overview and Level Annotations

Branches:
Dungeon (8/15)             Temple (0/1) D:4         Ossuary (visited)
   Lair: D:8-11

Altars:
Ashenzari
Dithmenos
Fedhas
Wu Jian
The Shining One

Annotations:
D:6 2 runed translucent doors, Azoth's ghost, amateur DEFE


Innate Abilities, Weirdness & Mutations

You have very sharp teeth.
Your uncanny sense of smell can sniff out nearby items.
Your experience applies equally to all skills.


Message History

The boulder beetle hits you!
* * * LOW HITPOINT WARNING * * *
The boulder beetle stops rolling and uncurls.
You take 13 damage, and have 14/89 hp.
MP restored: 20
Okay, then.
Unknown command.
Blink to where?
Press: ? - help, Dir - move target, f - orc priest
Aim: an orc priest, wielding a +0 hand axe
Okay, then.
Unknown command.
You completely miss the boulder beetle.
You bite the boulder beetle, but do no damage.
The boulder beetle is almost dead.
The boulder beetle bites you but does no damage.
You barely miss the boulder beetle.
The boulder beetle is almost dead.
The boulder beetle misses you.
The orc priest looks encouraged for a moment.
You hit the boulder beetle but do no damage.
You bite the boulder beetle, but do no damage.
The boulder beetle is almost dead.
The boulder beetle bites you but does no damage.
You hit the boulder beetle but do no damage.
The boulder beetle is almost dead.
The boulder beetle leaps!
Okay, then.
Unknown command.
Okay, then.
You hit the deep elf pyromancer. You freeze the deep elf pyromancer.
The deep elf pyromancer is heavily wounded.
The deep elf pyromancer barely misses you.
You hit the deep elf pyromancer. You freeze the deep elf pyromancer.
The deep elf pyromancer is heavily wounded.
The deep elf pyromancer hits you but does no damage.
The orc priest calls down the wrath of Beogh upon you.
Beogh smites you!
You die...
Fedhas appreciates your contribution to the ecosystem.

#..)..#.###.#
#........##.#
#........##.#
...........##.#
#....#........####
##............<.B#########
#................°e.......
.....#######.#.###°#######
...#.#P.e. #.)##@#.# ..#
#.###.#.#.#.eo#
+$#.'.#####S# ∆
#.###.#.##.o.B#
#P...P#...S#..# #####
#.#.#.#.# ...#.#.#..
#..##.##.$### ##. # #.#


You could see a boulder beetle, a deep elf pyromancer, a water moccasin and an
orc priest.

Vanquished Creatures
  2 two-headed ogres
  Pikel (D:5)
  An ugly thing (D:7)
  2 cyclopes
  A hornet (D:6)
  Sigmund (D:3)
  A yak (D:7)
  A wraith (D:7)
  2 steam dragons
  Edmund (D:5)
  Menkaure (D:5)
  2 water moccasins
  An ice beast (D:6)
  An orc warrior (D:8)
  2 sky beasts
  A black bear (D:6)
  4 ogres
  A centaur (D:7)
  2 phantoms
  4 lemures (D:5)
  An elf zombie (Ossuary)
  5 bullfrogs
  2 scorpions
  A burial acolyte (Ossuary)
  A killer bee (D:8)
  2 howler monkeys
  4 hounds
  4 jellies
  2 bombardier beetles
  A human zombie (Ossuary)
  Crazy Yiuf (D:6)
  5 iguanas
  An orc wizard (D:7)
  A crocodile zombie (Ossuary)
  4 hound zombies (Ossuary)
  3 mummies (Ossuary)
  7 gnolls
  7 adders
  A shadow imp (D:6)
  A white imp (D:6)
  2 ufetubi (D:6)
  4 adder zombies (Ossuary)
  4 ribbon worms
  2 dart slugs
  10 orcs
  9 ball pythons
  2 bats (D:2)
  7 endoplasms
  9 giant cockroaches
  4 gnoll zombies (Ossuary)
  10 goblins
  2 hobgoblins (D:4)
  5 quokkas
  6 ball python zombies (Ossuary)
  3 frilled lizards
  4 jackal zombies (Ossuary)
  7 kobolds
  5 kobold zombies (Ossuary)
  7 rats
188 creatures vanquished.

Vanquished Creatures (collateral kills)
  2 ballistomycete spores (D:8)
2 creatures vanquished.

Vanquished Creatures (others)
  A ball python (D:6)
1 creature vanquished.

Grand Total: 191 creatures vanquished

Notes
Turn   | Place    | Note
-------+----------+-------------------------------------------
     0 | D:1      | jasper the Gnoll Fighter began the quest for the Orb.
     0 | D:1      | Reached XP level 1. HP: 23/23 MP: 1/1
   106 | D:1      | Reached XP level 2. HP: 28/29 MP: 2/2
   259 | D:1      | Reached XP level 3. HP: 35/35 MP: 3/3
   380 | D:1      | Reached skill level 1 in Invocations
   614 | D:1      | Reached skill level 1 in Short Blades
   614 | D:1      | Reached skill level 1 in Long Blades
   614 | D:1      | Reached skill level 1 in Axes
   614 | D:1      | Reached skill level 1 in Polearms
   614 | D:1      | Reached skill level 1 in Staves
   614 | D:1      | Reached skill level 1 in Ranged Weapons
   614 | D:1      | Reached skill level 1 in Throwing
   614 | D:1      | Reached skill level 1 in Dodging
   614 | D:1      | Reached skill level 1 in Stealth
   614 | D:1      | Reached skill level 1 in Unarmed Combat
   614 | D:1      | Reached skill level 1 in Spellcasting
   614 | D:1      | Reached skill level 1 in Evocations
   971 | D:2      | Reached skill level 1 in Shapeshifting
   971 | D:2      | Reached XP level 4. HP: 41/41 MP: 5/5
  1411 | D:2      | Reached skill level 1 in Conjurations
  1411 | D:2      | Reached skill level 1 in Hexes
  1411 | D:2      | Reached skill level 1 in Summonings
  1411 | D:2      | Reached skill level 1 in Necromancy
  1411 | D:2      | Reached skill level 1 in Translocations
  1411 | D:2      | Reached skill level 1 in Fire Magic
  1411 | D:2      | Reached skill level 1 in Ice Magic
  1411 | D:2      | Reached skill level 1 in Air Magic
  1411 | D:2      | Reached skill level 1 in Earth Magic
  1411 | D:2      | Reached skill level 1 in Alchemy
  1738 | D:2      | Reached XP level 5. HP: 37/47 MP: 5/7
  2591 | D:3      | Noticed Sigmund
  2608 | D:3      | Killed Sigmund
  2609 | D:3      | Reached skill level 5 in Maces & Flails
  2609 | D:3      | Reached XP level 6. HP: 26/53 MP: 7/9
  2870 | D:3      | Found a faded altar of an unknown god.
  3630 | D:3      | Prayed at the altar of an unknown god.
  3630 | D:3      | Became a worshipper of Fedhas Madash
  3630 | D:3      | Reached * piety under Fedhas
  3805 | D:4      | Found a sand-covered staircase.
  3810 | Ossuary  | Entered an ossuary
  3845 | Ossuary  | Reached XP level 7. HP: 37/60 MP: 10/10
  4049 | Ossuary  | Reached ** piety under Fedhas
  4544 | D:4      | Found a staircase to the Ecumenical Temple.
  4704 | D:4      | Reached XP level 8. HP: 60/67 MP: 12/12
  4888 | D:5      | Entered Level 5 of the Dungeon
  5002 | D:5      | Noticed Pikel
  5004 | D:5      | Killed Pikel
  5037 | D:5      | Noticed Menkaure
  5051 | D:5      | Killed Menkaure
  5242 | D:5      | Noticed Edmund
  5269 | D:5      | Killed Edmund
  5270 | D:5      | Reached XP level 9. HP: 69/73 MP: 13/15
  5423 | D:5      | Found an ornate altar of the Wu Jian Council.
  5539 | D:5      | Found a glowing golden altar of the Shining One.
  5930 | D:6      | Reached *** piety under Fedhas
  6120 | D:6      | Noticed a hornet
  6124 | D:6      | Paralysed by a hornet for 2 turns
  6139 | D:6      | Killed a hornet
  6165 | D:6      | Noticed a cyclops
  6366 | D:6      | Killed a cyclops
  6367 | D:6      | Reached skill level 5 in Invocations
  6760 | D:6      | Identified the +1 ring mail of the Onion {rF+ SInv}
  6828 | D:6      | Found a broken altar of Ashenzari.
  6829 | D:6      | Found a shadowy altar of Dithmenos.
  7029 | D:6      | Reached skill level 5 in Short Blades
  7029 | D:6      | Reached skill level 5 in Long Blades
  7029 | D:6      | Reached skill level 5 in Axes
  7029 | D:6      | Reached skill level 5 in Polearms
  7029 | D:6      | Reached skill level 5 in Staves
  7029 | D:6      | Reached skill level 5 in Ranged Weapons
  7029 | D:6      | Reached skill level 5 in Throwing
  7029 | D:6      | Reached skill level 5 in Dodging
  7029 | D:6      | Reached skill level 5 in Stealth
  7029 | D:6      | Reached skill level 5 in Unarmed Combat
  7029 | D:6      | Reached skill level 5 in Spellcasting
  7029 | D:6      | Reached skill level 5 in Evocations
  7169 | D:6      | Found a runed translucent door.
  7172 | D:6      | Noticed Azoth's ghost (amateur DEFE)
  7212 | D:6      | Found a runed translucent door.
  7242 | D:6      | Reached XP level 10. HP: 81/81 MP: 17/17
  7431 | D:6      | Found a runed translucent door.
  7432 | D:6      | Noticed Crazy Yiuf
  7693 | D:6      | Killed Crazy Yiuf
  8147 | D:7      | Reached **** piety under Fedhas
  8202 | D:7      | Noticed a purple ugly thing
  8215 | D:7      | Killed a purple ugly thing
  8216 | D:7      | Reached skill level 5 in Shapeshifting
  8373 | D:7      | Noticed a two-headed ogre
  8387 | D:7      | Killed a two-headed ogre
  8574 | D:7      | Identified the +4 spear of Death {flame, *Corrode Fly Str+6
                  | SInv}
  8794 | D:8      | Noticed a two-headed ogre
  8803 | D:8      | Killed a two-headed ogre
  8909 | D:8      | Noticed a cyclops
  8920 | D:8      | Killed a cyclops
  8921 | D:8      | Reached skill level 5 in Conjurations
  8921 | D:8      | Reached skill level 5 in Hexes
  8921 | D:8      | Reached skill level 5 in Summonings
  8921 | D:8      | Reached skill level 5 in Necromancy
  8921 | D:8      | Reached skill level 5 in Translocations
  8921 | D:8      | Reached skill level 5 in Fire Magic
  8921 | D:8      | Reached skill level 5 in Ice Magic
  8921 | D:8      | Reached skill level 5 in Air Magic
  8921 | D:8      | Reached skill level 5 in Earth Magic
  8921 | D:8      | Reached skill level 5 in Alchemy
  8921 | D:8      | Reached XP level 11. HP: 33/89 MP: 20/20
  9102 | D:7      | Learned a level 3 spell: Tukima's Dance
  9108 | D:7      | Learned a level 5 spell: Borgnjor's Vile Clutch
  9222 | D:8      | Noticed a deep elf pyromancer
  9222 | D:8      | Noticed a boulder beetle
  9275 | D:8      | Killed from afar by an orc priest

Illustrated notes

Levels and vault maps discovered:
D:1:      wheals_arrival_linesprint, layout_loops_cross,
          minmay_worlds_worst_comb
D:2:      layout_basic, minmay_liquid_box, columned_hall_lemuel
D:3:      layout_loops_ring, hellmonk_ecumenical_altar_leap_of_faith,
          uniq_sigmund
D:4:      layout_basic, lemuel_temple_firewalk_b, nicolae_ossuary_entry_plus
D:5:      layout_basic, amcnicky_altar_gilded, nicolae_tso_swordbearing_angel,
          uniq_edmund, uniq_pikel, uniq_menkaure
D:6:      layout_basic, gammafunk_temple_overflow_pools, portal_sewer_entry_a,
          ebering_ghost_sewer_f, serial_library_hellmonk_hallway_b,
          grunt_potential, uniq_crazy_yiuf_cottage
D:7:      nzn_winding_woodlands_small [nzn_winding_woodlands_5x15_parted,
          nzn_winding_woodlands_center_triple_pond,
          nzn_winding_woodlands_5x15_default], layout_loops_ring
D:8:      layout_cave_pools, tgw_sif, minivault_21, minmay_shattered_shrine,
          uniq_joseph

Skill      XL: |  1  2  3  4  5  6  7  8  9 10 |
---------------+-------------------------------+-----
Invocations    | 1 2 3 4 5 6 |  6.7
Short Blades   | 1 2 3 4 5 6 |  6.1
Long Blades    | 1 2 3 4 5 6 |  6.1
Axes           | 1 2 3 4 5 6 |  6.1
Polearms       | 1 2 3 4 5 6 |  6.1
Staves         | 1 2 3 4 5 6 |  6.1
Ranged Weapons | 1 2 3 4 5 6 |  6.1
Throwing       | 1 2 3 4 5 6 |  6.1
Dodging        | 1 2 3 4 5 6 |  6.1
Stealth        | 1 2 3 4 5 6 |  6.1
Unarmed Combat | 1 2 3 4 5 6 |  6.1
Spellcasting   | 1 2 3 4 5 6 |  6.1
Evocations     | 1 2 3 4 5 6 |  6.1
Shapeshifting  | 1 2 3 4 5 |  5.5
Conjurations   | 1 2 3 4 5 |  5.0
Hexes          | 1 2 3 4 5 |  5.0
Summonings     | 1 2 3 4 5 |  5.0
Necromancy     | 1 2 3 4 5 |  5.0
Translocations | 1 2 3 4 5 |  5.0
Fire Magic     | 1 2 3 4 5 |  5.0
Ice Magic      | 1 2 3 4 5 |  5.0
Air Magic      | 1 2 3 4 5 |  5.0
Earth Magic    | 1 2 3 4 5 |  5.0
Alchemy        | 1 2 3 4 5 |  5.0
Maces & Flails | 5 6 7 |  7.7
Fighting       | 7 8 9 |  9.1
Armour         | 7 8 9 |  9.1
Shields        | 7 8 9 |  9.1

Action                     |  1- 3 |  4- 6 |  7- 9 | 10-12 || total
---------------------------+-------+-------+-------+-------++-------
  Melee: Flail             |    64 |   160 |   392 |   153 ||   769
         Bite              |     6 |    14 |    42 |    19 ||    81
  Throw: Dart              |       |       |     6 |       ||     6
         Boomerang         |       |       |     8 |    25 ||    33
 Invoke: Wall of Briars    |       |       |       |     1 ||     1
         Grow Ballistomyce |       |       |       |     1 ||     1
  Evoke: Wand              |       |       |     7 |     7 ||    14
    Use: Scroll            |     2 |     9 |     3 |     8 ||    22
         Potion            |       |     2 |     4 |     2 ||     8
   Stab: Confused          |       |       |       |     1 ||     1
 Armour: Scale mail        |    36 |    57 |       |       ||    93
         Chain mail        |       |    70 |   212 |       ||   282
         Plate armour      |       |       |    46 |   123 ||   169
         Skin              |       |       |    41 |       ||    41
  Dodge: Dodged            |    20 |    57 |   130 |    61 ||   268
  Block: Buckler           |    16 |    52 |   104 |    56 ||   228

Table legend: (Time is in decaauts)
 A = Elapsed time spent in this place.
 B = Non-inter-level travel time spent in this place.
 C = Inter-level travel time spent in this place.
 D = Time resting spent in this place.
 E = Time spent auto-exploring this place.
 F = Levels seen in this place.
 G = Mean time per level.
                   A        B        C        D        E       F      G
               +--------+--------+--------+--------+--------+-----+--------+
         Total |   9434 |   8962 |    472 |   1190 |   5660 |   9 | 1048.2 |
       Dungeon |   8875 |   8403 |    472 |   1175 |   5444 |   8 | 1109.4 |
       Ossuary |    559 |    559 |      0 |     15 |    216 |   1 |  559.0 |
               +--------+--------+--------+--------+--------+-----+--------+

Top non-repeatable levels by time:
     D:6: 1615 daAuts
     D:2: 1443 daAuts
     D:5: 1361 daAuts
     D:4: 1058 daAuts
     D:3: 1033 daAuts
     D:7: 963 daAuts
     D:1: 872 daAuts
 Ossuary: 559 daAuts
     D:8: 527 daAuts
